 Dungeon Crawl Stone Soup version 0.29-a0-1027-gcd8c55af63 (webtiles) character file.

Game seed: 11001938879735566540

702 ragingrage the Cleaver (level 7, -9/57 HPs)
             Began as a Minotaur Delver on Aug 13, 2022.
             Mangled by an ogre
             ... wielding a +0 giant spiked club
              (23 damage)
             ... on level 4 of the Dungeon.
             The game lasted 00:04:36 (5222 turns).

ragingrage the Cleaver (Minotaur Delver)            Turns: 5222, Time: 00:04:37

Health: -9/57      AC:  3    Str: 19    XL:     7   Next: 39%
Magic:  6/6        EV: 11    Int:  7    God:
Gold:   254        SH:  0    Dex: 11    Spells: 5/6 levels left

rFire   + . .      SeeInvis .   a - +0 war axe
rCold   + . .      Faith    .   (no shield)
rNeg    . . .      Spirit   .   w - +0 leather armour {rF+}
rPois   .          Reflect  .   (helmet restricted)
rElec   .          Harm     .   (no cloak)
rCorr   .          Rampage  .   (no gloves)
Will    .....                   (no boots)
Stlth   ++........              (no amulet)
HPRegen 0.19/turn               v - ring of protection from cold
MPRegen 0.10/turn               (no ring)

@: no status effects
A: horns 2, retaliatory headbutt
a: no special abilities


You were on level 4 of the Dungeon.
You visited 1 branch of the dungeon, and saw 5 of its levels.

You collected 254 gold pieces.

Inventory:

Hand Weapons
 a - a +0 war axe (weapon)
 b - a +1 sling of freezing
 s - a +2 dagger of draining
Missiles
 j - 13 poisoned darts (quivered)
Armour
 w - a +0 leather armour of fire resistance (worn)
Jewellery
 t - a ring of ice
 v - a ring of protection from cold (left hand)
Wands
 g - a wand of digging (3)
Scrolls
 c - 3 scrolls of fog
 d - a scroll of magic mapping
 e - 2 scrolls of fear
 k - a scroll of noise {unknown}
 m - 2 scrolls of acquirement {unknown}
 n - 2 scrolls of enchant weapon {unknown}
 o - a scroll of teleportation {unknown}
 q - a scroll of brand weapon {unknown}
 r - 3 scrolls of identify {unknown}
 u - a scroll of summoning {unknown}
Potions
 f - 2 potions of haste
 h - a potion of lignification {unknown}
 l - a potion of invisibility {unknown}
 p - a potion of flight {unknown}


   Skills:
 - Level 3.6 Fighting
 + Level 10.1 Axes
 - Level 2.1 Dodging
 - Level 4.1 Stealth


You had 5 spell levels left.
You knew the following spells:

 Your Spells              Type           Power      Damage    Failure   Level
a - Foxfire               Conj/Fire      0%         2x1d4     50%         1

Your spell library contained the following spells:

 Spells                   Type           Power      Damage    Failure   Level
 Conjure Flame            Conj/Fire      0%         6-21      86%         3
 Dazzling Flash           Conj/Hex       0%         N/A       86%         3
 Frozen Ramparts          Ice            0%         1d1       86%         3
 Inner Flame              Hex/Fire       0%         N/A       86%         3
 Flame Wave               Conj/Fire      0%         2d4       99%         4
 Ice Form                 Ice/Tmut       0%         N/A       99%         4
 Iskenderun's Mystic Bla  Conj/Tloc      0%         2d3       99%         4
 Olgreb's Toxic Radiance  Pois           0%         N/A       99%         4
 Summon Ice Beast         Ice/Summ       0%         N/A       99%         4
 Iskenderun's Battlesphe  Conj           0%         2d6       100%        5
 Iron Shot                Conj/Erth      0%         9d1       100%        6
 Starburst                Conj/Fire      0%         6d3       100%        6
 Ozocubu's Refrigeration  Ice            0%         4d7       100%        7
 Spellforged Servitor     Conj/Summ      0%         N/A       100%        7
 Ignition                 Fire           0%         3d3       100%        8


Dungeon Overview and Level Annotations

Branches:
Dungeon (5/15)
 Temple: D:4-7

Altars:
Kikubaaqudgha
Wu Jian
The Shining One

Annotations:
D:5 Grinder


Innate Abilities, Weirdness & Mutations

You have a pair of horns on your head.
You reflexively headbutt those who attack you in melee.


Message History

HP restored.
h - a viscous sapphire potion An ogre is nearby!
An ogre is nearby!
An ogre is nearby!
An ogre is nearby!
Your +1 sling of freezing is covered in frost.
b - a +1 sling of freezing (weapon)
You shoot a sling bullet.
The sling bullet closely misses the ogre.
The ogre shouts!
You shoot a sling bullet.
The sling bullet completely misses the ogre.
You shoot a sling bullet.
The sling bullet hits the ogre but does no damage.
The ogre barely misses you.
Your +1 sling of freezing stops glowing.
a - a +0 war axe (weapon)
You hit the ogre.
You headbutt the ogre, but do no damage.
The ogre is lightly wounded.
The ogre closely misses you. You furiously retaliate!
You headbutt the ogre! You hit the ogre. Your headbutt misses the ogre.
The ogre is severely wounded.
You hit the ogre. You headbutt the ogre.
The ogre is severely wounded.
The ogre hits you with a +0 giant spiked club!!
You hit the ogre.
The ogre is severely wounded.
The ogre closely misses you.
You barely miss the ogre.
The ogre is severely wounded.
You barely miss the ogre. Your headbutt misses the ogre.
The ogre is severely wounded.
The ogre hits you with a +0 giant spiked club!!
* * * LOW HITPOINT WARNING * * *
You barely miss the ogre. You headbutt the ogre.
The ogre is almost dead.
The ogre hits you with a +0 giant spiked club!!
You die...

........## .# #
......### #.# ##### #
.....## ..####...####
.##.## ...#........##
##### #.
##...........# # #
... ##............#
#### # ##...
##.............###)..
###..#
#...O.........#..)###
###...#
##...@........|†####
......#
#..............##
..##...#
##............## .##
.....# ##...........#
## ......#
##.........## .......
###.......# ...)...
#####.### ##.........
#.# #.......... .##


You could see an ogre.

Vanquished Creatures
  Eustachio (D:4)
  Menkaure (D:4)
  A black bear (D:4)
  A scorpion (D:4)
  3 hounds (D:4)
  An orc priest (D:4)
  An iguana (D:3)
  An orc wizard (D:3)
  2 adders (D:4)
  2 ufetubi
  A dart slug (D:3)
  13 orcs
  4 ball pythons
  4 endoplasms
  3 giant cockroaches
  6 goblins
  8 hobgoblins
  2 jackals (D:1)
  9 kobolds
  A quokka (D:3)
  8 bats
  4 frilled lizards
  7 rats
84 creatures vanquished.

Vanquished Creatures (others)
  4 foxfires (D:3)
4 creatures vanquished.

Grand Total: 88 creatures vanquished

Notes
Turn   | Place    | Note
-------+----------+-------------------------------------------
     0 | D:5      | ragingrage the Minotaur Delver began the quest for the Orb.
     0 | D:5      | Reached XP level 1. HP: 19/19 MP: 0/0
    12 | D:5      | Noticed Grinder
    12 | D:5      | Noticed an ogre
    30 | D:4      | Noticed a scorpion
    84 | D:4      | Noticed a hound
    88 | D:4      | Reached skill level 3 in Axes
    88 | D:4      | Reached XP level 2. HP: 26/26 MP: 1/1
    95 | D:4      | Reached skill level 4 in Axes
    95 | D:4      | Reached XP level 3. HP: 19/31 MP: 2/2
   136 | D:4      | HP: 1/31 [orc/+0 trident (7)]
   456 | D:4      | Noticed Eustachio
   510 | D:4      | Noticed an ogre
   521 | D:4      | Reached skill level 5 in Axes
   521 | D:4      | Reached XP level 4. HP: 29/39 MP: 3/3
   835 | D:3      | Reached skill level 6 in Axes
   945 | D:3      | Learned a level 1 spell: Foxfire
  1587 | D:1      | Reached XP level 5. HP: 37/45 MP: 4/4
  2383 | D:2      | You fall into a shaft and drop 1 floor!
  2638 | D:3      | Reached skill level 7 in Axes
  2942 | D:3      | Found a faded altar of an unknown god.
  3698 | D:3      | Found a glowing golden altar of the Shining One.
  3698 | D:3      | Found an ornate altar of the Wu Jian Council.
  3699 | D:3      | Found an ancient bone altar of Kikubaaqudgha.
  4264 | D:4      | Killed Eustachio
  4265 | D:4      | Reached skill level 8 in Axes
  4265 | D:4      | Reached XP level 6. HP: 40/51 MP: 5/5
  4830 | D:4      | Reached skill level 9 in Axes
  4830 | D:4      | Reached XP level 7. HP: 34/57 MP: 6/6
  4984 | D:4      | Noticed Menkaure
  4997 | D:4      | Killed Menkaure
  5006 | D:4      | Reached skill level 10 in Axes
  5222 | D:4      | Mangled by an ogre

Illustrated notes

Levels and vault maps discovered:
D:1:      nagdon_arrival_double_spiral, layout_basic
D:2:      layout_loops_cross
D:3:      layout_basic, minitemple, hellmonk_ecumenical_altar_inner_sanctum
D:4:      layout_cave_pods, uniq_eustachio, uniq_pikel, uniq_menkaure,
          uniq_crazy_yiuf_cottage
D:5:      layout_basic, mainiacjoe_overflow_concentric_impassable,
          temple_statues, serial_shops, nicolae_shop_overgrown_old_shop,
          minmay_circle_x, uniq_grinder

Skill      XL: |  1  2  3  4  5  6  7 |
---------------+----------------------+-----
Axes           | 3 4 5 6 8 9 10 | 10.1
Fighting       | |  3.6
Dodging        | |  2.1
Stealth        | |  4.1

Action                   |  1- 3 |  4- 6 |  7- 9 || total
-------------------------+-------+-------+-------++-------
Melee: Hand axe          |    21 |   121 |       ||   142
       Headbutt          |     4 |    20 |     8 ||    32
       Dagger            |       |    20 |       ||    20
       War axe           |       |       |    17 ||    17
 Fire: Sling             |       |    22 |    11 ||    33
Throw: Dart              |       |    13 |       ||    13
 Cast: Foxfire           |       |     2 |       ||     2
  Use: Potion            |       |       |     1 ||     1
 Stab: Sleeping          |     1 |     7 |       ||     8
       Distracted        |       |     2 |       ||     2
       Invisible         |       |     2 |       ||     2
Armor: Leather armour    |     5 |    30 |     1 ||    36
Dodge: Dodged            |    16 |    82 |     8 ||   106

Table legend: (Time is in decaauts)
 A = Elapsed time spent in this place.
 B = Non-inter-level travel time spent in this place.
 C = Inter-level travel time spent in this place.
 D = Time resting spent in this place.
 E = Time spent auto-exploring this place.
 F = Levels seen in this place.
 G = Mean time per level.
                   A        B        C        D        E       F      G
               +--------+--------+--------+--------+--------+-----+--------+
         Total |   5236 |   4895 |    341 |   1144 |   2915 |   5 | 1047.2 |
       Dungeon |   5236 |   4895 |    341 |   1144 |   2915 |   5 | 1047.2 |
               +--------+--------+--------+--------+--------+-----+--------+

Top non-repeatable levels by time:
     D:3: 1970 daAuts
     D:4: 1449 daAuts
     D:1: 1033 daAuts
     D:2: 758 daAuts
     D:5: 24 daAuts
